 Dungeon Crawl Stone Soup version 0.25-a0-246-g58704a1ebd (webtiles) character file.

Game seed: 10177509329097839444, levelgen mode: classic

34766 Borgoz the Slicer (level 13, -16/84 HPs)
             Began as a Gargoyle Gladiator on Dec 4, 2019.
             Was the Champion of Okawaru.
             Demolished by an ogre
             ... wielding a +0 giant club
              (17 damage)
             ... while paralysed by an orc sorcerer
             ... on level 1 of the Orcish Mines.
             The game lasted 00:32:09 (17045 turns).

Borgoz the Slicer (Gargoyle Gladiator)             Turns: 17045, Time: 00:32:09

Health: -16/84     AC: 20    Str: 23    XL:     13   Next: 79%
Magic:  17/17      EV:  2    Int: 11    God:    Okawaru [******]
Gold:   1416       SH:  0    Dex: 14    Spells: 14/15 levels left

rFire    . . .     SeeInvis +   Q - +9 dagger of Generosity {pierce, rElec rN+ MR+ Str+3}
rCold    . . .     Gourm    .   P - +0 buckler
rNeg     + + .     Faith    .   I - +0 leather armour "Oculam" {rPois Int+2 Slay+3}
rPois    ∞         Spirit   .   c - +1 hat {SInv}
rElec    +         Reflect  .   u - +1 cloak
rCorr    +         Harm     .   (no gloves)
MR       +....                  v - +1 pair of boots {Stlth+}
Stlth    ++++......             (no amulet)
HPRegen  0.24/turn              s - ring of resist corrosion
MPRegen  0.15/turn              (no ring)

@: paralysed
A: negative energy resistance 1, electricity resistance, unbreathing,
petrification resistance, rot immunity, AC +9
a: Heroism, Finesse, Renounce Religion


You were on level 1 of the Orcish Mines.
You worshipped Okawaru.
Okawaru was exalted by your worship.
You were very hungry.

You visited 3 branches of the dungeon, and saw 16 of its levels.

You collected 1416 gold pieces.

Inventory:

Hand Weapons
 a - a +0 rapier
 b - a +1 short sword of draining
 D - a +1 dagger of venom
 Q - the +9 dagger of Generosity (weapon) {pierce, rElec rN+ MR+ Str+3}
   (Okawaru gifted it to you on level 11 of the Dungeon)

   It inflicts extra damage upon your enemies.
   It affects your strength (+3).
   It insulates you from electricity.
   It protects you from negative energy.
   It affects your resistance to hostile enchantments.
Missiles
 M - 2 throwing nets (quivered)
Armour
 c - a +1 hat of see invisible (worn)
 u - a +1 cloak (worn)
 v - a +1 pair of boots of stealth (worn)
 y - the +3 leather armour of the Earth {rC+}
   (You found it on level 4 of the Dungeon)

   It protects you from cold.
 F - a +2 leather armour of cold resistance
 H - a +2 ring mail of positive energy
 I - the +0 leather armour "Oculam" (worn) {rPois Int+2 Slay+3}
   (You found it on level 7 of the Dungeon)

   It affects your intelligence (+2).
   It affects your accuracy and damage with ranged weapons and melee attacks
   (+3).
   It protects you from poison.
 L - the +0 hat of Joy {rN+}
   (Okawaru gifted it to you on level 1 of the Orcish Mines)

   It protects you from negative energy.
 P - a +0 buckler (worn)
Jewellery
 s - a ring of resist corrosion (left hand)
 w - an uncursed ring of ice
 x - an uncursed ring of ice
Wands
 p - a wand of flame (67)
 r - a wand of random effects (49)
 B - a wand of disintegration (12)
 C - a wand of paralysis (8)
 O - a wand of polymorph (4)
Scrolls
 e - a scroll of brand weapon {unknown}
 h - 12 scrolls of remove curse
 i - 3 scrolls of fog {unknown}
 j - 3 scrolls of amnesia {unknown}
 k - 4 scrolls of immolation {unknown}
 m - 3 scrolls of teleportation {unknown}
 n - 4 scrolls of magic mapping
 t - a scroll of enchant armour {unknown}
 E - 2 scrolls of enchant weapon {unknown}
 J - a scroll of silence
 N - 3 scrolls of fear
Potions
 d - 3 potions of mutation
 g - a potion of curing
 o - 3 potions of resistance
 q - 6 potions of flight
 z - a potion of cancellation
 A - 3 potions of brilliance
 G - 2 potions of magic
 K - a potion of haste
Comestibles
 f - 25 rations


   Skills:
 + Level 11.4 Fighting
 * Level 13.2 Short Blades
 - Level 1.7 Throwing
 + Level 11.0 Armour
 + Level 3.2 Dodging
 - Level 5.0 Stealth
 - Level 5.0 Shields
 + Level 1.7 Spellcasting
 + Level 1.7 Hexes
 - Level 6.4 Invocations
 - Level 5.3 Evocations


You had 14 spell levels left.
You knew the following spells:

 Your Spells              Type           Power        Failure   Level  Hunger
a - Confusing Touch       Hex            #.....       16%         1    ##.....

Your spell library contained the following spells:

 Spells                   Type           Power        Failure   Level  Hunger
 Animate Skeleton         Necr           N/A          32%         1    ##.....
 Apportation              Tloc           #.....       32%         1    ##.....
 Foxfire                  Conj/Fire      #...         32%         1    ##.....
 Magic Dart               Conj           #...         32%         1    ##.....
 Shock                    Conj/Air       #...         32%         1    ##.....
 Summon Small Mammal      Summ           #...         32%         1    ##.....
 Call Imp                 Summ           #.......     45%         2    ###....
 Searing Ray              Conj           #.....       45%         2    ###....
 Swiftness                Chrm/Air       #.......     45%         2    ###....
 Dazzling Flash           Conj/Hex       #.....       56%         3    ####...
 Inner Flame              Hex/Fire       #.......     56%         3    ####...
 Summon Guardian Golem    Hex/Summ       #.......     56%         3    ####...
 Call Canine Familiar     Summ           #.......     69%         3    ####...
 Conjure Flame            Conj/Fire      #.......     69%         3    ####...
 Static Discharge         Conj/Air       #.......     69%         3    ####...
 Cause Fear               Hex            #.........   85%         4    #####..
 Fulminant Prism          Conj/Hex       #.........   93%         4    #####..
 Airstrike                Air            #.........   97%         4    #####..
 Iskenderun's Mystic Bla  Conj/Tloc      #.......     97%         4    #####..
 Sticky Flame             Conj/Fire      #.......     97%         4    #####..
 Summon Ice Beast         Ice/Summ       #.......     97%         4    #####..
 Summon Lightning Spire   Summ/Air       #.......     97%         4    #####..
 Fireball                 Conj/Fire      #.........   100%        5    ######.
 Lightning Bolt           Conj/Air       #.........   100%        5    ######.
 Silence                  Hex/Air        #.........   100%        5    ######.
 Yara's Violent Unravell  Hex/Tmut       #.........   100%        5    ######.
 Deflect Missiles         Chrm/Air       #.........   100%        6    #######
 Discord                  Hex            #.........   100%        8    #######


Dungeon Overview and Level Annotations

Branches:
Dungeon (13/15)            Temple (1/1) D:5            Lair (0/6) D:9
    Orc (2/2) D:12
    Elf: Orc:2       Vaults: D:13-14

Altars:
Ashenzari
Cheibriados
Dithmenos
Elyvilon
Fedhas
Gozag
Hepliaklqana
Kikubaaqudgha
Makhleb
Nemelex Xobeh
Okawaru
Qazlal
Ru
Sif Muna
Trog
Uskayaw
Vehumet
Wu Jian
Xom
Yredelemnul
Zin
The Shining One
Beogh

Shops:
D:12 [

Annotations:
D:10 2 transporters
Orc:1 2 transporters, Raoxzot's ghost, journeyman DsBe


Innate Abilities, Weirdness & Mutations

You are resistant to torment.
Your stone body is resilient. (AC +9)
You are immune to poison.
You resist negative energy. (rN+)
You are resistant to electric shocks. (rElec)
You can survive without breathing.
You are immune to petrification.
You are immune to rotting.


Message History

The two-headed ogre is heavily wounded.
The orc sorcerer casts a spell at you.
You suddenly lose the ability to move!
The two-headed ogre hits you with a +0 giant club!
The two-headed ogre hits you with a +0 great mace.
The ogre hits you but does no damage.
The orc sorcerer hits you but does no damage.
The ogre hits you but does no damage.
The two-headed ogre hits you with a +0 giant club.
The two-headed ogre hits you with a +0 great mace!
The orc sorcerer hits you with a +0 dagger.
The ogre hits you with a +0 giant club! The ogre hits you but does no damage.
The orc sorcerer hits you but does no damage.
The two-headed ogre completely misses you.
The two-headed ogre hits you with a +0 great mace.
* * * LOW HITPOINT WARNING * * *
The ogre hits you with a +0 giant club!!
* * * LOW HITPOINT WARNING * * *
The ogre hits you with a +0 giant club!
You die...

#..........###.......#
##..#........#.......####
#####.............#.###.# ##
#.......>....[)###.## .##
#.##.........####...###
..######.........# #...#.###
....#.##.........####.....#.##
..##...........O)O#.#[.......##
..).#....).[...#@#............#
#...#..........O)o............##
....)..)..##...................#
#.......#.###........####.....###
##......######......#####>.....#.
..........##........##.#.#.......
...........#...........#........#
................#.............###
................#.#...........#


You could see a two-headed ogre, an orc sorcerer and 2 ogres.

Vanquished Creatures
  Gastronok (Orc:1)
  An orc warlord (Orc:1)
  Nessos (D:12)
  Josephine (D:12)
  Harold (D:7)
  2 ogre magi (Orc:2)
  A death knight (D:12)
  10 two-headed ogres
  2 ugly things
  A deep elf mage (D:12)
  An orc sorcerer (Orc:1)
  5 slime creatures
  4 cyclopes
  Joseph (D:7)
  A gargoyle (D:10)
  4 trolls
  Grinder (D:6)
  A hornet (D:12)
  Prince Ribbit (D:6)
  5 hippogriffs
  A spriggan (D:8)
  Sigmund (D:4)
  2 wraiths (D:12)
  The ghost of MirrMurr the Covert, an amateur SpEn of Dithmenos (D:4)
  18 yaks
  Eustachio (D:6)
  A steam dragon (D:9)
  5 vampire mosquitoes
  5 wargs
  A water moccasin (D:12)
  2 ice beasts
  A hornet zombie (D:11)
  10 orc warriors
  3 sky beasts
  20 ogres
  4 necrophages
  3 wolves (D:9)
  7 centaurs
  6 phantoms
  3 bullfrogs
  3 scorpions
  12 wights
  6 killer bees
  6 jellies
  2 electric eels
  2 bullfrog zombies
  4 howler monkeys
  7 crimson imps
  10 hounds
  A quasit (D:7)
  3 centaur zombies
  A gnoll shaman (D:5)
  21 orc priests
  2 centaur skeletons
  26 orc wizards
  A bullfrog skeleton (D:12)
  6 iguanas
  9 worker ants
  A worker ant zombie (D:6)
  3 hound skeletons
  A howler monkey zombie (D:8)
  13 gnolls
  16 adders
  3 shadow imps
  An adder zombie (D:9)
  3 adder skeletons
  A worm (D:6)
  4 dart slugs
  6 leopard geckos
  67 orcs
  3 ball pythons
  4 giant cockroaches
  5 goblins
  13 hobgoblins
  13 jackals
  5 quokkas
  A ball python skeleton (D:4)
  5 bats
  6 frilled lizards
  3 jackal skeletons
  7 kobolds
  A leopard gecko skeleton (D:5)
  A quokka skeleton (D:5)
  10 rats
458 creatures vanquished.

Vanquished Creatures (others)
  A gnoll (D:10)
1 creature vanquished.

Grand Total: 459 creatures vanquished

Notes
Turn   | Place    | Note
-------+----------+-------------------------------------------
     0 | D:1      | Borgoz the Gargoyle Gladiator began the quest for the Orb.
     0 | D:1      | Reached XP level 1. HP: 12/12 MP: 1/1
    37 | D:1      | Reached XP level 2. HP: 6/18 MP: 2/2
   329 | D:1      | Reached skill level 1 in Stealth
   535 | D:1      | Reached skill level 1 in Armour
   544 | D:1      | Reached XP level 3. HP: 22/22 MP: 3/3
   607 | D:1      | Reached skill level 3 in Short Blades
   883 | D:3      | Reached XP level 4. HP: 26/27 MP: 4/4
  1013 | D:3      | Reached XP level 5. HP: 32/32 MP: 5/5
  1196 | D:2      | Reached skill level 4 in Short Blades
  2415 | D:4      | Got a transparent leather armour
  2449 | D:4      | Identified the +3 leather armour of the Earth {rC+} (You
                  | found it on level 4 of the Dungeon)
  2457 | D:5      | Entered Level 5 of the Dungeon
  2486 | D:4      | Reached XP level 6. HP: 21/38 MP: 6/6
  2836 | D:4      | Noticed a phantom
  2864 | D:4      | Killed a phantom
  2864 | D:4      | Reached skill level 5 in Short Blades
  2864 | D:4      | Reached XP level 7. HP: 23/43 MP: 7/7
  3015 | D:4      | Noticed Sigmund
  3025 | D:4      | Killed Sigmund
  3087 | D:4      | Found a roughly hewn altar of Beogh.
  3217 | D:4      | Found a runed translucent door.
  3217 | D:4      | Noticed MirrMurr's ghost (amateur SpEn)
  3417 | D:4      | Killed MirrMurr's ghost
  3417 | D:4      | Reached skill level 5 in Fighting
  3417 | D:4      | Reached skill level 6 in Short Blades
  3417 | D:4      | Reached XP level 8. HP: 31/49 MP: 8/8
  3579 | D:4      | Found an opulent altar of Gozag.
  3579 | D:4      | Found a glowing silver altar of Zin.
  4405 | D:5      | Reached skill level 5 in Armour
  4537 | D:5      | Reached skill level 7 in Short Blades
  4790 | D:5      | Found a staircase to the Ecumenical Temple.
  4939 | Temple   | Entered the Ecumenical Temple
  5115 | Temple   | Became a worshipper of Warmaster Okawaru
  5385 | D:6      | Reached XP level 9. HP: 24/56 MP: 9/9
  5635 | D:6      | Noticed Eustachio
  5655 | D:6      | Killed Eustachio
  5655 | D:6      | Reached * piety under Okawaru
  5696 | D:6      | Reached skill level 8 in Short Blades
  5780 | D:6      | Found a bloodstained altar of Trog.
  5787 | D:6      | Noticed Prince Ribbit
  5904 | D:6      | Killed Prince Ribbit
  5987 | D:6      | Found a hazy altar of Hepliaklqana.
  6049 | D:6      | Noticed Grinder
  6069 | D:6      | Killed Grinder
  6522 | D:7      | Reached ** piety under Okawaru
  6692 | D:7      | Reached skill level 9 in Short Blades
  6895 | D:8      | Reached XP level 10. HP: 50/64 MP: 10/10
  7021 | D:8      | Reached *** piety under Okawaru
  7657 | D:7      | Got a scorched leather armour
  7823 | D:7      | Noticed Harold
  7827 | D:7      | Noticed Joseph
  7861 | D:7      | Killed Joseph
  7861 | D:7      | Reached skill level 10 in Short Blades
  7866 | D:7      | Killed Harold
  7866 | D:7      | Reached **** piety under Okawaru
  7953 | D:7      | Identified the +0 leather armour "Oculam" {rPois Int+2
                  | Slay+3} (You found it on level 7 of the Dungeon)
  8888 | D:9      | Found a staircase to the Lair.
  8931 | D:9      | Reached XP level 11. HP: 58/71 MP: 11/11
  8941 | D:9      | Reached ***** piety under Okawaru
  8956 | D:9      | Reached skill level 1 in Shields
  8956 | D:9      | Reached skill level 1 in Invocations
  8995 | D:9      | Reached skill level 1 in Evocations
  9127 | D:9      | Noticed a two-headed ogre
  9138 | D:9      | Killed a two-headed ogre
  9138 | D:9      | Reached skill level 11 in Short Blades
  9598 | D:9      | Found a burning altar of Makhleb.
  9899 | D:9      | Found a shimmering altar of Xom.
  9903 | D:9      | Found a sacrificial altar of Ru.
  9903 | D:9      | Found a stormy altar of Qazlal.
 10032 | D:9      | Found a snail-covered altar of Cheibriados.
 10047 | D:9      | Found a sparkling altar of Nemelex Xobeh.
 10134 | D:10     | Entered Level 10 of the Dungeon
 10199 | D:10     | Found a roughly hewn altar of Beogh.
 10199 | D:10     | Found a transporter.
 10199 | D:10     | Noticed a cyclops
 10200 | D:10     | Noticed an orc sorcerer
 11110 | D:10     | Found a transporter.
 11388 | D:11     | Noticed a cyclops
 11404 | D:11     | Killed a cyclops
 11435 | D:11     | Received a gift from Okawaru
 11436 | D:11     | Got a pitted dagger {god gift}
 11445 | D:11     | Noticed a cyclops
 11468 | D:11     | Killed a cyclops
 11743 | D:11     | Identified the +9 dagger of Generosity {pierce, rElec rN+
                  | MR+ Str+3} (Okawaru gifted it to you on level 11 of the
                  | Dungeon)
 11989 | D:11     | Noticed a cyan ugly thing
 12001 | D:11     | Killed a cyan ugly thing
 12281 | D:12     | Noticed a brown ugly thing
 12286 | D:12     | Reached XP level 12. HP: 70/77 MP: 14/14
 12347 | D:12     | Reached skill level 10 in Fighting
 12528 | D:12     | Noticed a death knight
 12555 | D:12     | Killed a death knight
 12625 | D:12     | Noticed Nessos
 12636 | D:12     | Killed Nessos
 12723 | D:12     | Noticed a soul eater
 12730 | D:12     | Received a gift from Okawaru
 12921 | D:12     | Found Plog's Armour Shop.
 13054 | D:12     | Reached skill level 12 in Short Blades
 13135 | D:12     | Reached skill level 5 in Stealth
 13145 | D:12     | Noticed Josephine
 13178 | D:12     | Reached skill level 10 in Armour
 13189 | D:12     | Killed Josephine
 13449 | D:12     | Found a staircase to the Orcish Mines.
 13474 | D:12     | Reached skill level 5 in Invocations
 13798 | D:13     | Noticed an eight-headed hydra
 13816 | D:12     | Reached skill level 5 in Shields
 14032 | D:13     | Reached ****** piety under Okawaru
 14370 | Orc:1    | Entered Level 1 of the Orcish Mines
 14629 | Orc:1    | Found a transporter.
 14670 | Orc:1    | Noticed Raoxzot's ghost (journeyman DsBe)
 15016 | Orc:1    | Noticed an orc warlord
 15026 | Orc:1    | Reached XP level 13. HP: 79/83 MP: 17/17
 15031 | Orc:1    | Found a transporter.
 15081 | Orc:1    | Killed an orc warlord
 15088 | Orc:1    | Received a gift from Okawaru
 15091 | Orc:1    | Got a faintly glowing hat {god gift}
 15188 | Orc:1    | Identified the +0 hat of Joy {rN+} (Okawaru gifted it to
                  | you on level 1 of the Orcish Mines)
 15548 | Orc:1    | Noticed Gastronok
 15563 | Orc:1    | Killed Gastronok
 15563 | Orc:1    | Reached skill level 5 in Evocations
 15665 | Orc:1    | Found a roughly hewn altar of Beogh.
 15810 | Orc:2    | Entered Level 2 of the Orcish Mines
 16491 | Orc:1    | Reached skill level 13 in Short Blades
 16588 | Orc:1    | Learned a level 1 spell: Confusing Touch
 16849 | Orc:1    | Reached skill level 1 in Spellcasting
 16849 | Orc:1    | Reached skill level 1 in Hexes
 16996 | Orc:2    | Noticed an ogre mage
 17017 | Orc:2    | Killed an ogre mage
 17041 | Orc:1    | Paralysed by an orc sorcerer for 4 turns
 17044 | Orc:1    | HP: 1/84 [ogre/+0 giant club (21)]
 17045 | Orc:1    | Demolished by an ogre

Levels and vault maps discovered:
D:1:      dpeg_arrival_shrine, layout_loops_ring
D:2:      layout_rooms
D:3:      minmay_spotlight, layout_loops_corners, serial_bayou_crossing
D:4:      layout_basic, grunt_temple_overflow_gold_and_silver, first_ration,
          ebering_ghost_reflecting_pool, kennysheep_orc_chapel, uniq_sigmund
D:5:      minmay_bubble_buster, layout_cave_pods, minmay_temple_entry_fiery
D:6:      layout_basic, overflow_temple_1_default,
          nicolae_overflow_crystal_walls, uniq_prince_ribbit1, uniq_grinder,
          uniq_eustachio
D:7:      kennysheep_big_flooded_room, layout_rooms, corexii_checkpoint_a,
          uniq_joseph, uniq_harold
D:8:      layout_basic, the_bakery
D:9:      layout_roguey, makhleb_blood_cavern_becter,
          minmay_overflow_temple_star_hex, erik_lair_island, minmay_orc_keep
D:10:     gammafunk_beogh_shrine, layout_basic
D:11:     layout_irregular_city
D:12:     layout_loops_cross, erik_orc_3, serial_shops,
          nicolae_shop_window_shopping, uniq_josephine, uniq_nessos
D:13:     layout_small_grid, lightli_vaults_fourway_checkpoint, uniq_azrael
Temple:   hc_temple_tempest_star
Orc:1:    layout_diamond_mine, gammafunk_ghost_berserking_beasts,
          minmay_orc_temple_a, uniq_gastronok
Orc:2:    st_orc_ogre_mass, layout_caves, nooodl_orcs_dogs

Skill      XL: |  1  2  3  4  5  6  7  8  9 10 11 12 13 |
---------------+----------------------------------------+-----
Stealth        | 1 4 5 |  5.0
Armour         | 1 2 3 4 5 7 8 9 10 11 | 11.0
Short Blades   | 3 4 5 6 7 9 10 11 12 13 | 13.2
Fighting       | 3 4 5 6 7 9 10 11 | 11.4
Shields        | 3 5 |  5.0
Invocations    | 3 5 6 |  6.4
Evocations     | 2 4 5 |  5.3
Spellcasting   | 1 |  1.7
Hexes          | 1 |  1.7
Dodging        | 3 |  3.2
Throwing       | |  1.7

Action                   |  1- 3 |  4- 6 |  7- 9 | 10-12 | 13-15 || total
-------------------------+-------+-------+-------+-------+-------++-------
Melee: Rapier            |   110 |       |       |       |       ||   110
       Short sword       |    23 |   247 |   691 |   783 |       ||  1744
       Dagger            |       |       |       |   386 |   269 ||   655
Throw: Throwing net      |       |       |       |     4 |     1 ||     5
Invok: Heroism           |       |       |       |     1 |       ||     1
Evoke: Wand              |       |       |       |     1 |     2 ||     3
  Use: Potion            |     1 |       |     3 |     7 |     1 ||    12
       Scroll            |       |     6 |     3 |    13 |     1 ||    23
 Stab: Held in net/web   |       |       |       |     3 |     3 ||     6
       Sleeping          |       |       |       |     7 |       ||     7
       Invisible         |       |       |       |     1 |       ||     1
  Eat: Chunk             |       |     7 |    10 |    26 |     6 ||    49
       Ration            |       |       |     1 |       |       ||     1
Armor: Leather armour    |    32 |    27 |   228 |   363 |    66 ||   716
       Ring mail         |    46 |    73 |       |       |       ||   119
       Skin              |       |       |    13 |       |       ||    13
Dodge: Dodged            |   108 |   138 |   303 |   425 |   116 ||  1090
Block: Buckler           |       |       |       |    97 |    32 ||   129

Table legend:
 A = Non-vault XP
 B = Vault XP
 C = Vault XP percentage of total XP
 D = Non-vault monster count
 E = Vault monster count
 F = Vault count percentage of total count
                 A         B        C        D         E       F
            +---------+---------+-------+---------+---------+-------
      Total |   28134 |   21532 |  43.4 |     364 |      94 |  20.5
            +---------+---------+-------+---------+---------+-------
        D:1 |      36 |       0 |   0.0 |      21 |       0 |   0.0
        D:2 |      77 |       0 |   0.0 |      24 |       0 |   0.0
        D:3 |     169 |       3 |   1.7 |      27 |       2 |   6.9
        D:4 |     386 |     540 |  58.3 |      15 |       6 |  28.6
        D:5 |     434 |     311 |  41.7 |      18 |      11 |  37.9
        D:6 |    1067 |     739 |  40.9 |      26 |       3 |  10.3
        D:7 |    1402 |    1690 |  54.7 |      23 |       6 |  20.7
        D:8 |    1146 |     215 |  15.8 |      25 |       1 |   3.8
        D:9 |    3153 |    1354 |  30.0 |      36 |      19 |  34.5
       D:10 |    1966 |       0 |   0.0 |      23 |       0 |   0.0
       D:11 |    2804 |       0 |   0.0 |      16 |       0 |   0.0
       D:12 |    8584 |    3229 |  27.3 |      44 |      18 |  29.0
       D:13 |     876 |       0 |   0.0 |       4 |       0 |   0.0
      Orc:1 |    5532 |    8423 |  60.4 |      52 |      19 |  26.8
      Orc:2 |     502 |    5028 |  90.9 |      10 |       9 |  47.4
            +---------+---------+-------+---------+---------+-------
